 Dungeon Crawl Stone Soup version 0.23-a0-402-g64599a1 (webtiles) character file.

124 MisterFreud the Sneak (level 5, 0/42 HPs)
             Began as a Naga Fire Elementalist on Nov 4, 2018.
             Slain by an adder (2 damage)
             ... on level 3 of the Dungeon.
             The game lasted 00:08:01 (2403 turns).

MisterFreud the Sneak (Naga Fire Elementalist)      Turns: 2403, Time: 00:08:02

Health: 0/42       AC:  5    Str: 10    XL:     5   Next: 8%
Magic:  0/8        EV: 10    Int: 17    God:
Gold:   81         SH:  0    Dex: 11    Spells: 7/8 levels left

rFire    . . .     SeeInvis +   i - +1 dagger (elec)
rCold    . . .     Gourm    .   (no shield)
rNeg     . . .     Faith    .   f - +0 steam dragon scales
rPois    +         Spirit   .   n - +0 helmet
rElec    .         Reflect  .   (no cloak)
rCorr    .         Harm     .   (no gloves)
MR       .....     Rnd*Tele +   (no barding)
Stlth    +++.......             (no amulet)
HPRegen  0.14/turn              h - ring of teleportation (curse)
MPRegen  0.11/turn              (no ring)

@: very slow
A: large, see invisible, deformed body, poison resistance, slowness 2, slow
metabolism 1, spit poison 1, AC +1
a: Spit Poison


You were on level 3 of the Dungeon.
You were not hungry.

You visited 1 branch of the dungeon, and saw 3 of its levels.

You collected 81 gold pieces.

Inventory:

Hand Weapons
 i - a +1 dagger of electrocution (weapon)
Missiles
 d - 26 stones (quivered)
 k - 26 sling bullets
 m - 18 poisoned needles
Armour
 f - +0 steam dragon scales (worn)
 n - a +0 helmet (worn)
Jewellery
 h - a cursed ring of teleportation (left hand)
Scrolls
 b - a scroll of remove curse {unknown}
 e - 3 scrolls of identify
 j - a scroll of teleportation {unknown}
Potions
 g - 4 potions of might
 l - a potion of curing
Comestibles
 a - 2 chunks of flesh
 c - 5 rations


   Skills:
 - Level 1.5 Dodging
 * Level 6.4 Stealth
 - Level 2.0 Spellcasting
 - Level 3.0 Conjurations
 - Level 3.0 Fire Magic


You had 7 spell levels left.
You knew the following spells:

 Your Spells              Type           Power        Failure   Level  Hunger
a - Flame Tongue          Conj/Fire      ##...        5%          1    #......

Your spell library contained the following spells:

 Spells                   Type           Power        Failure   Level  Hunger
 Throw Flame              Conj/Fire      ##....       9%          2    ###....
 Conjure Flame            Conj/Fire      ##......     17%         3    ###....
 Inner Flame              Hex/Fire       #.......     30%         3    ###....
 Sticky Flame             Conj/Fire      ##......     50%         4    #####..
 Fireball                 Conj/Fire      ##........   83%         5    ######.


Dungeon Overview and Level Annotations

Branches:
Dungeon (3/15)

Altars:
Gozag


Innate Abilities, Weirdness & Mutations

You cannot wear boots.
Your serpentine skin is tough. (AC +1)
You have supernaturally acute eyesight. (SInv)
Armour fits poorly on your strangely shaped body.
Your system is resistant to poisons. (rPois)
You cover ground very slowly.
You have a slow metabolism.
You can spit poison.


Message History

Aim: an adder (almost dead)
The flame tongue hits the adder.
The adder is almost dead.
You feel sick.
You are no longer poisoned.
The adder bites you.
* * * LOW HITPOINT WARNING * * *
Casting: Flame Tongue (safe; 5% risk of failure)
Confirm with . or Enter, or press ? or * to list all spells.
You don't have enough magic to cast that spell.
Unknown command.
You closely miss the adder.
The adder is almost dead.
You have got your breath back.
The adder bites you but does no damage. The adder bites you.
* * * LOW HITPOINT WARNING * * *
You barely miss the adder.
The adder is almost dead.
The adder bites you.
You die...

######.##.##)†.......#
# #.
#.##..##....#######
#.##.....# #..... ....
#........# ..!..# #..
##.†.#...## ......#..
#.#......# ...#...#
#.#..###.# .##.....
#.#((# .# ...... #
#S@# ....## ......()#
.....## # .........
......#### .......##.
.........# ........ ..
......... ........ ##
........S ......#.
........# ....%.
........## .........#


You could see an adder.

Vanquished Creatures
  5 adders
  2 worms (D:2)
  A dart slug (D:1)
  3 leopard geckos
  13 bats
  4 giant cockroaches
  2 hobgoblins
  2 jackals
  11 kobolds
  A quokka (D:2)
  5 frilled lizards
  6 goblins
  18 rats
73 creatures vanquished.

Notes
Turn   | Place    | Note
-------+----------+-------------------------------------------
     0 | D:1      | MisterFreud the Naga Fire Elementalist began the quest for
                  | the Orb.
     0 | D:1      | Reached XP level 1. HP: 15/15 MP: 3/3
   295 | D:1      | Reached XP level 2. HP: 22/22 MP: 5/5
   945 | D:1      | Reached XP level 3. HP: 25/28 MP: 4/6
  1476 | D:2      | Reached skill level 4 in Stealth
  1531 | D:2      | Reached XP level 4. HP: 35/36 MP: 7/7
  1572 | D:2      | Reached skill level 5 in Stealth
  1808 | D:2      | Found an opulent altar of Gozag.
  2138 | D:2      | Reached skill level 6 in Stealth
  2297 | D:3      | Reached XP level 5. HP: 38/42 MP: 8/8
  2402 | D:3      | HP: 2/42 [adder (3)]
  2403 | D:3      | Slain by an adder

Vault maps used:
D:1:      evilmike_arrival_home_sweet_home, chequers_serial_rivers_micro_b,
          minmay_rat_gold_closets
D:2:      grunt_gozag_breadcrumbs, first_ration
D:3:      portal_sewer_entry_b, uniq_grinder

Skill      XL: |  1  2  3  4 |
---------------+-------------+-----
Conjurations   | 2 3 |  3.0
Stealth        | 4 6 |  6.4
Dodging        | |  1.5
Spellcasting   | |  2.0
Fire Magic     | |  3.0

Action                   |  1- 3 |  4- 6 || total
-------------------------+-------+-------++-------
Melee: Unarmed           |    13 |       ||    13
       Dagger            |    49 |    43 ||    92
Throw: Stone             |       |     1 ||     1
 Cast: Flame Tongue      |    27 |    19 ||    46
 Abil: Spit Poison       |    21 |    17 ||    38
  Use: Scroll            |     2 |     1 ||     3
 Stab: Sleeping          |    14 |     6 ||    20
  Eat: Chunk             |     2 |     4 ||     6
Armor: Robe              |     7 |       ||     7
       Steam dragon scal |    17 |    21 ||    38
Dodge: Dodged            |    58 |    39 ||    97

Table legend:
 A = Non-vault XP
 B = Vault XP
 C = Vault XP percentage of total XP
 D = Non-vault monster count
 E = Vault monster count
 F = Vault count percentage of total count
                 A         B        C        D         E       F
            +---------+---------+-------+---------+---------+-------
      Total |     169 |       9 |   5.1 |      64 |       9 |  12.3
            +---------+---------+-------+---------+---------+-------
        D:1 |      45 |       9 |  16.7 |      28 |       9 |  24.3
        D:2 |     100 |       0 |   0.0 |      28 |       0 |   0.0
        D:3 |      24 |       0 |   0.0 |       8 |       0 |   0.0
            +---------+---------+-------+---------+---------+-------
